[Event "Late-Titled-Tuesday-Blitz-May-07-2024"]
[Site "Chess.com"]
[Date "2024.05.07"]
[Round "3"]
[White "Flaccidmoves"]
[Black "N_Mullodzhanov"]
[Result "0-1"]
[WhiteElo "2381"]
[BlackElo "2559"]
[TimeControl "180+1"]
[EndTime "14:28:12 PDT"]
[Termination "N_Mullodzhanov won by checkmate"]

1. c4 Nf6 2. Nc3 g6 3. e4 d6 4. d4 Bg7 5. f3 O-O 6. Be3 c5 7. d5 e6 8. Bd3 exd5 9. cxd5 Nbd7 10. Nge2 Ne5 11. O-O Nxd3 12. Qxd3 Nd7 13. Rac1 a6 14. Ng3 b5 15. f4 b4 16. Na4 a5 17. Qd2 Ba6 18.
Rf2 Bb5 19. b3 Bxa4 20. bxa4 Re8 21. e5 dxe5 22. f5 Rc8 23. Bg5 Bf6 24. Bh6 e4 25. Re2 Bd4+ 26. Kh1 Nf6 27. Rce1 Qxd5 28. Qg5 e3 29. h4 Ne4 30. Nxe4 Qxe4 31. h5 Qxf5 32. Qxf5 gxf5 33. Bxe3 Bxe3 34. Rxe3 Rxe3 35. Rxe3 c4 36.
h6 f4 37. Rf3 c3 38. Rf1 c2 39.
Rc1 f5 40. Kg1 Kf7 41. Kf2 Ke6 42. Kf3 Ke5 43. Re1+ Kf6 44. Rc1 Kg5 45. Ke2 Kxh6 46. Kd3 Kg5 47. Rxc2 Rxc2 48. Kxc2 f3 49. gxf3 h5 50. Kd3 h4 51. Kc4 h3 52. Kb5 h2 53.
Kxa5 h1=Q 54. Kxb4 Qxf3 55. a5 Qc6 56. a4 Kf4 57. a6 Qxa6 58. a5 Ke4 59. Ka4 Kd4 60.
Ka3 f4 61. Ka2 Kc4 62. Ka1 Kc3 63. Ka2 f3 64. Kb1 Qxa5 65. Kc1 Qa1# 0-1

[Event "Late-Titled-Tuesday-Blitz-May-07-2024"]
[Site "Chess.com"]
[Date "2024.05.07"]
[Round "3"]
[White "GiorgianBarbosa"]
[Black "gunslinger222"]
[Result "1-0"]
[WhiteElo "2494"]
[BlackElo "2296"]
[TimeControl "180+1"]
[EndTime "14:28:12 PDT"]
[Termination "GiorgianBarbosa won by resignation"]

1. d4 d5 2. c4 e5 3. dxe5 d4 4. Nf3 Nc6 5. g3 Nge7 6. Bg2 Ng6 7.
O-O h5 8. Bg5 Be7 9. Bxe7 Kxe7 10. Nbd2 Ngxe5 11. Qc2 g6 12. Nb3 Bf5 13. Qc1 d3 14.
exd3 Nxd3 15. Qe3+ Kf6 16. Rad1 Re8 17. Qh6 Qe7 18.
Nbd4 Be4 19. Ng5 Bxg2 20. Nh7+ Ke5 21. Qe3+ Be4 22. Rxd3 Nxd4 23. Rxd4 f5 24. f3 c5 25. Rd5+ Ke6 26. fxe4 Kf7 27. e5 Kg7 28. Ng5 b5 29. b3 bxc4 30. bxc4 Rab8 31. e6 Rb2 32. Qe5+ Qf6 33.
Rd7+ 1-0

[Event "Late-Titled-Tuesday-Blitz-May-07-2024"]
[Site "Chess.com"]
[Date "2024.05.07"]
[Round "3"]
[White "jefferyx"]
[Black "Onischuk_V"]
[Result "1-0"]
[WhiteElo "3123"]
[BlackElo "2822"]
[TimeControl "180+1"]
[EndTime "14:28:13 PDT"]
[Termination "jefferyx won by resignation"]

1. d4 d6 2. Nf3 g6 3. e4 Bg7 4. Be3 Nf6 5. Nc3 O-O 6. Qd2 Nc6 7. Bh6 Bg4 8. O-O-O e5 9. Bxg7 Kxg7 10. dxe5 dxe5 11.
Qe3 Nd4 12. Nb5 c5 13. Nc3 Qa5 14. Be2 Bxf3 15. Bxf3 b5 16. Kb1 Rfe8 17. g4 b4 18. Ne2 Rad8 19. Nc1 c4 20. g5 Nd7 21. Be2 Nb6 22. h4 Rc8 23. h5 b3 24. c3 bxa2+ 25.
Nxa2 Nb3 26. hxg6 hxg6 27. Bg4 Rb8 28. Rh7+ Kxh7 29. Qh3+ Kg8 30. Rh1 Kf8 31. Qh8+ 1-0

[Event "Late-Titled-Tuesday-Blitz-May-07-2024"]
[Site "Chess.com"]
[Date "2024.05.07"]
[Round "3"]
[White "sammartin99"]
[Black "maracayo"]
[Result "0-1"]
[WhiteElo "1890"]
[BlackElo "2371"]
[TimeControl "180+1"]
[EndTime "14:28:13 PDT"]
[Termination "maracayo won on time"]

1. d4 d6 2. e4 Nf6 3. Nc3 c6 4. Nf3 Qa5 5. Bd2 e5 6. Bd3 Qc7 7. a4 Be7 8. h3 O-O 9. O-O Re8 10. dxe5 dxe5 11. Bc4 h6 12. Be3 Nbd7 13. Nh4 Nc5 14. Qf3 Be6 15. Bxe6 Nxe6 16. Nf5 Nf4 17. g3 Nxh3+ 18.
Kg2 Ng5 19. Bxg5 hxg5 20. Rh1 g6 21. g4 Bf8 22. Nh6+ Bxh6 23. Qxf6 Bg7 24. Qxg5 Qd8 25. Qe3 Qb6 26. Qh3 Qxb2 27. Ne2 Qxc2 28. Ng3 Qc4 29. Rad1 Rad8 0-1

[Event "Late-Titled-Tuesday-Blitz-May-07-2024"]
[Site "Chess.com"]
[Date "2024.05.07"]
[Round "3"]
[White "MathiasWomacka"]
[Black "VictorFcQNK"]
[Result "1-0"]
[WhiteElo "2545"]
[BlackElo "2109"]
[TimeControl "180+1"]
[EndTime "14:28:14 PDT"]
[Termination "MathiasWomacka won on time"]

1. e4 e6 2. d4 d5 3. Nd2 Nf6 4. e5 Nfd7 5. Bd3 c5 6. c3 Nc6 7.
Ne2 cxd4 8. cxd4 f6 9. exf6 Nxf6 10. Nf3 Bd6 11. O-O O-O 12. Bf4 Qc7 13. Bxd6 Qxd6 14. Qd2 Bd7 15. Bb5 a6 16. Bxc6 Bxc6 17. Nc3 b5 18. a3 a5 19. Ne5 b4 20. axb4 axb4 21. Na2 b3 22. Nc3 Nd7 23. Nxd7 Bxd7 24. Qe3 Rfe8 25.
Rfe1 Rxa1 26. Rxa1 e5 27. dxe5 Qxe5 28. Qxe5 Rxe5 29. f4 Re3 30. Nxd5 Rd3 31. Nb6 Bc6 32. Rc1 Be4 33. Nc4 Bf5 34. Kf2 h6 35. Re1 Rd4 36.
Na5 Bg4 37. Nxb3 Rb4 38. Nd2 Rxb2 39. Ke3 Bf5 40. h3 h5 41. Rc1 Ra2 42. Rc5 1-0

[Event "Late-Titled-Tuesday-Blitz-May-07-2024"]
[Site "Chess.com"]
[Date "2024.05.07"]
[Round "3"]
[White "esrosenberg"]
[Black "Squirlolz"]
[Result "0-1"]
[WhiteElo "2329"]
[BlackElo "2585"]
[TimeControl "180+1"]
[EndTime "14:28:16 PDT"]
[Termination "Squirlolz won by resignation"]

1. d4 Nf6 2. Nf3 b5 3. g3 Bb7 4.
Bg2 g6 5. O-O Bg7 6. a4 b4 7. c4 bxc3 8. Nxc3 O-O 9. Bf4 a5 10.
Rc1 Na6 11. Qd2 Rb8 12. Bh6 Nb4 13. Bxg7 Kxg7 14. Rfe1 Ne4 15. Nxe4 Bxe4 16. Ne5 Bxg2 17. Kxg2 d6 18. Nc6 Nxc6 19. Rxc6 Rb4 20. Rec1 Qb8 21.
Rxc7 Rxb2 22. R7c2 Rb4 23. Rc7 Qa8+ 24. f3 Re8 25. R1c4 Qb8 26. d5 Kg8 27. Qc3 Rxc4 28. Rxc4 Qb7 29. Qxa5 Rb8 30. Rc7 Qb2 31. Rxe7 h5 32.
h4 Qd4 33. Qc7 Rb1 34. Qd8+ Kg7 35. Rxf7+ Kxf7 36. Qd7+ Kg8 37. Qe8+ Kh7 38. Qd7+ Qg7 39. Qxd6 Rb2 40. Qe6 Rb7 41. d6 Qd7 42. Qxd7+ Rxd7 43. Kf2 Rxd6 0-1

[Event "Late-Titled-Tuesday-Blitz-May-07-2024"]
[Site "Chess.com"]
[Date "2024.05.07"]
[Round "3"]
[White "McCarthyStone"]
[Black "lluiss"]
[Result "1-0"]
[WhiteElo "2441"]
[BlackElo "2211"]
[TimeControl "180+1"]
[EndTime "14:28:16 PDT"]
[Termination "McCarthyStone won by resignation"]

1. e4 c5 2. Nf3 d6 3. Nc3 Nc6 4.
d4 cxd4 5. Nxd4 g6 6. Be2 Bg7 7. Nb3 Nf6 8. h4 h5 9. Bg5 O-O 10. Qd2 a5 11. a4 Nb4 12. O-O Bd7 13. Rfd1 Nh7 14. Be3 Rc8 15. Rab1 Be6 16. Nd4 Bc4 17. Bd3 Nf6 18. f3 Re8 19. Rbc1 e5 20. Ndb5 Bxd3 21. cxd3 d5 22. Bg5 d4 23. Nd5 Nbxd5 24. Rxc8 Qxc8 25.
Nd6 Qe6 26. Nxe8 Nxe8 27. exd5 Qxd5 28. Qc2 Qd7 29. Rc1 Nd6 30. Qc7 Qe6 31. Qxa5 Bf8 32. Qd8 Kg7 33. b4 f6 34. Bh6+ Kxh6 35. Qxf8+ 1-0

[Event "Late-Titled-Tuesday-Blitz-May-07-2024"]
[Site "Chess.com"]
[Date "2024.05.07"]
[Round "3"]
[White "Road2GM3000"]
[Black "Tibmat"]
[Result "0-1"]
[WhiteElo "2472"]
[BlackElo "2684"]
[TimeControl "180+1"]
[EndTime "14:28:17 PDT"]
[Termination "Tibmat won on time"]

1. d4 Nf6 2. c4 e6 3. Nc3 Bb4 4. Nf3 O-O 5. Bg5 h6 6. Bh4 Bxc3+ 7. bxc3 d6 8. e4 g5 9. Nxg5 hxg5 10. Bxg5 Nbd7 11. e5 dxe5 12. dxe5 c6 13. exf6 Qa5 14. Qg4 Ne5 15. Qg3 Ng6 16. Be2 Rd8 17. h4 Kh7 18. Bd3 Qxc3+ 19. Ke2 Qb2+ 20. Bd2 Kh8 21. f4 e5 22. fxe5 Bf5 23. Rab1 Qd4 24. Rb3 Bxd3+ 25. Rxd3 Qxc4 26. Qe3 Nf4+ 27. Qxf4 Qxd3+ 28. Kd1 Qb1+ 29. Ke2 Qd3+ 30. Kd1 Qg6 31. Qh6+ Qxh6 0-1

[Event "Late-Titled-Tuesday-Blitz-May-07-2024"]
[Site "Chess.com"]
[Date "2024.05.07"]
[Round "3"]
[White "chess_sharparchitect"]
[Black "Let_it_be_1"]
[Result "1-0"]
[WhiteElo "2293"]
[BlackElo "2547"]
[TimeControl "180+1"]
[EndTime "14:28:18 PDT"]
[Termination "chess_sharparchitect won on time"]

1. c4 e6 2. e4 d5 3. exd5 exd5 4.
cxd5 Nf6 5. Nc3 Be7 6. Nf3 O-O 7. Bc4 Nbd7 8. O-O Nb6 9. Qb3 Bd6 10. h3 h6 11. d3 Re8 12. Be3 Bf5 13. Nd4 Bd7 14. Rfe1 a6 15. a4 a5 16. Ndb5 Bb4 17. Bxb6 cxb6 18. d6 Rxe1+ 19. Rxe1 Bxb5 20. Bxf7+ Kh8 21. axb5 Qxd6 22. Re3 Rf8 23. Qe6 Qd4 24. Ne2 Qxb2 25. Nf4 Rxf7 26. Qxf7 Qc1+ 27. Kh2 Bd6 28. Re8+ Nxe8 29.
Qxe8+ Kh7 30. Qg6+ Kh8 31. Qxd6 Qd2 32. Qf8+ Kh7 33.
Qf5+ Kg8 34. Ne6 Qc3 35. d4 1-0

[Event "Late-Titled-Tuesday-Blitz-May-07-2024"]
[Site "Chess.com"]
[Date "2024.05.07"]
[Round "3"]
[White "h4parah5"]
[Black "BardArtem"]
[Result "1/2-1/2"]
[WhiteElo "3015"]
[BlackElo "2773"]
[TimeControl "180+1"]
[EndTime "14:28:19 PDT"]
[Termination "Game drawn by repetition"]

1. Nf3 d5 2. e3 Nf6 3. c4 c6 4. Qc2 a6 5. b3 g6 6. Bb2 Bg7 7. Be2 O-O 8. O-O Bg4 9. d3 Nbd7 10.
Nbd2 e6 11. h3 Bxf3 12. Nxf3 Ne8 13. Bxg7 Nxg7 14. b4 a5 15. a3 axb4 16. axb4 Qe7 17.
Qb2 dxc4 18. dxc4 e5 19. c5 h6 20. Nd2 b6 21. cxb6 Nxb6 22. Bf3 Nd5 23. Bxd5 cxd5 24. Rxa8 Rxa8 25. b5 Nf5 26. b6 Rb8 27. Rb1 d4 28. e4 Nd6 29. Qb4 Qd7 30. Qc5 Qe6 31. Qc6 Kg7 32. b7 Qe7 33. Qc5 Kf8 34.
Rb6 Nxb7 35. Qd5 Qc7 36. Rb5 Nd8 37. Rc5 Qe7 38. Nc4 Ne6 39. Rc6 Qg5 40. Qd6+ Kg7 41. Qxb8 Qc1+ 42. Kh2 Qf4+ 43. Kg1 Qc1+ 44. Kh2 Qf4+ 45.
Kg1 Qc1+ 1/2-1/2

[Event "Late-Titled-Tuesday-Blitz-May-07-2024"]
[Site "Chess.com"]
[Date "2024.05.07"]
[Round "3"]
[White "albi1999"]
[Black "SergioMoralesG"]
[Result "0-1"]
[WhiteElo "2657"]
[BlackElo "2478"]
[TimeControl "180+1"]
[EndTime "14:28:20 PDT"]
[Termination "SergioMoralesG won by checkmate"]

1. Nf3 c5 2. g3 Nc6 3. Bg2 g6 4. O-O Bg7 5. e4 d6 6. h3 e6 7. Re1 Nge7 8. c3 d5 9. e5 d4 10. cxd4 Nxd4 11. Nc3 Nec6 12. Nxd4 cxd4 13. Bxc6+ bxc6 14. Ne4 Bxe5 15. d3 O-O 16. Qc2 Qc7 17. Bh6 Re8 18. Qc5 f5 19. Bf4 fxe4 20. Bxe5 Qb6 21. Qc1 e3 22. fxe3 dxe3 23. d4 c5 24. Qxe3 Bb7 25.
Qh6 Re7 26. Re2 Qc6 27. Kh2 Rf8 28. Rd1 Qf3 29. Qd2 Rf5 30. dxc5 Bc6 31. Bd4 Rh5 32. Rf2 Rxh3+ 33. Kxh3 Qh5# 0-1

[Event "Late-Titled-Tuesday-Blitz-May-07-2024"]
[Site "Chess.com"]
[Date "2024.05.07"]
[Round "3"]
[White "BabageldiAnnaberdiyev"]
[Black "Fore_Man"]
[Result "1-0"]
[WhiteElo "2574"]
[BlackElo "2292"]
[TimeControl "180+1"]
[EndTime "14:28:20 PDT"]
[Termination "BabageldiAnnaberdiyev won on time"]

1. e4 e6 2. d4 d5 3. e5 c5 4.
c3 Qa5 5. Nf3 cxd4 6. Bd3 Nc6 7.
O-O dxc3 8. Nxc3 Bd7 9. a3 a6 10. Re1 Nge7 11. h4 Qc7 12. h5 h6 13. Bf4 Rc8 14.
Rc1 Qd8 15. b4 d4 16. Ne4 Nd5 17. Bg3 Be7 18. Bb1 Qb6 19. Nc5 a5 20. Nxd4 Nxd4 21. Qxd4 axb4 22. axb4 Qxb4 23. Qxb4 Nxb4 24. Nxb7 Rxc1 25.
Rxc1 Nd5 26. Nd6+ Bxd6 27. exd6 O-O 28. Be4 Nf6 29. Bb7 Nxh5 30. Rc7 Nf6 31. Be5 Rd8 32. f3 Be8 33. Kf2 Nd7 34. Bg3 1-0

[Event "Late-Titled-Tuesday-Blitz-May-07-2024"]
[Site "Chess.com"]
[Date "2024.05.07"]
[Round "3"]
[White "AlexeiShirov"]
[Black "masnyszachistaaa"]
[Result "1-0"]
[WhiteElo "2872"]
[BlackElo "2604"]
[TimeControl "180+1"]
[EndTime "14:28:22 PDT"]
[Termination "AlexeiShirov won on time"]

1. e4 e6 2. d4 d5 3. e5 c5 4. c3 Qb6 5. Nf3 Bd7 6. Be2 Bb5 7.
dxc5 Bxc5 8. b4 Bxe2 9. Qxe2 Bf8 10. O-O Ne7 11. c4 dxc4 12. Nbd2 Nd5 13. Nxc4 Qd8 14. Ne3 Nf4 15. Qc4 Ng6 16. Rd1 Nd7 17. Bb2 Qc8 18. Qb3 b5 19. a4 Be7 20. axb5 O-O 21. Nc4 Qb7 22. Qd3 Qxb5 23. Ra5 Qc6 24. Nd4 Qc8 25. Ba3 Nb6 26. Rc1 Nxc4 27. Qxc4 Qd7 28. Nc6 Rfc8 29.
g3 h6 30. h4 Rc7 31. Qe4 Rac8 32. b5 Bxa3 33. Rxa3 Qd2 34. Rac3 Qb2 35. h5 Nf8 36. Ne7+ Rxe7 37. Rxc8 Qxb5 38. Qa8 1-0

[Event "Late-Titled-Tuesday-Blitz-May-07-2024"]
[Site "Chess.com"]
[Date "2024.05.07"]
[Round "3"]
[White "GMRafpig"]
[Black "klimkoj"]
[Result "0-1"]
[WhiteElo "2732"]
[BlackElo "2946"]
[TimeControl "180+1"]
[EndTime "14:28:23 PDT"]
[Termination "klimkoj won by resignation"]

1. c4 c5 2. g3 Nf6 3. Bg2 d5 4.
cxd5 Nxd5 5. Nc3 Nc7 6. d3 e5 7. Nf3 Nc6 8. O-O Be7 9. Nd2 Bd7 10. Nc4 f6 11. f4 exf4 12. Bxf4 O-O 13. Rc1 Be6 14.
Kh1 Nd5 15. Nxd5 Bxd5 16. Bxd5+ Qxd5+ 17. e4 Qe6 18. Ne3 Rfd8 19. Nd5 Rac8 20. a3 Kh8 21. Qh5 Bf8 22. Rcd1 Ne7 23. Nc3 Ng6 24. Be3 b6 25.
Nd5 c4 26. Qf5 Qxf5 27. Rxf5 cxd3 28. Rxd3 Rc4 29. Nf4 Rxd3 30. Nxd3 Rxe4 31. Bf2 Ne7 32. Rb5 Kg8 33. Kg2 Kf7 34. Kf3 Rc4 35. Nb4 Ke6 36. a4 Nf5 37. Nd3 Nd6 38. Rb4 Rxb4 39. Nxb4 Nc4 40. Nc6 Nxb2 41. Nxa7 Nxa4 42. Ke4 Bc5 43.
Be1 Nb2 44. Nb5 Nc4 45. Bc3 Nd6+ 46. Nxd6 Bxd6 0-1

[Event "Late-Titled-Tuesday-Blitz-May-07-2024"]
[Site "Chess.com"]
[Date "2024.05.07"]
[Round "3"]
[White "Alex_Sahakyan2006"]
[Black "Mackster23"]
[Result "1-0"]
[WhiteElo "2861"]
[BlackElo "2581"]
[TimeControl "180+1"]
[EndTime "14:28:24 PDT"]
[Termination "Alex_Sahakyan2006 won by resignation"]

1. d4 Nf6 2. c4 e6 3. a3 c5 4. e3 cxd4 5. exd4 d5 6. Nc3 Nc6 7. c5 g6 8. Nf3 Bg7 9. Bb5 O-O 10. O-O Ne4 11. Be3 a6 12. Bxc6 bxc6 13. Qc2 f5 14.
Bf4 a5 15. Be5 Bh6 16. Rfe1 g5 17. Nxe4 fxe4 18. Nd2 g4 19. Nf1 Ba6 20. Ne3 Bd3 21.
Qd1 Bxe3 22. Rxe3 h5 23. h3 Rf5 24. hxg4 hxg4 25. Qxg4+ Qg5 26. Rg3 Qxg4 27. Rxg4+ Kf8 28. Re1 Ra7 29. Re3 Rh7 30. Reg3 Rfh5 31. Rg8+ Kf7 32. R8g7+ Rxg7 33. Rxg7+ Kf8 34. Rc7 Bb5 35. b3 a4 36.
bxa4 Bxa4 37. Ra7 Bc2 38. Ra6 Ke7 39. Rxc6 Rf5 40. Rc7+ Kd8 41. Ra7 Ke8 42. c6 Rf7 43.
Rxf7 Kxf7 44. c7 1-0

[Event "Late-Titled-Tuesday-Blitz-May-07-2024"]
[Site "Chess.com"]
[Date "2024.05.07"]
[Round "3"]
[White "miraitrunks"]
[Black "WindWhistler11"]
[Result "1-0"]
[WhiteElo "2258"]
[BlackElo "2543"]
[TimeControl "180+1"]
[EndTime "14:28:24 PDT"]
[Termination "miraitrunks won by checkmate"]

1. e4 e6 2. Nc3 d5 3. Nf3 Nf6 4. e5 Nfd7 5. d4 c5 6. dxc5 Nxc5 7. Bf4 Nc6 8. Bb5 Be7 9. O-O O-O 10. Bxc6 bxc6 11. Nd4 Qb6 12. Nb3 Nd7 13. Qg4 f5 14. Qg3 a5 15. Rad1 a4 16. Nd4 c5 17.
Nf3 Qxb2 18. Ng5 Bxg5 19. Bxg5 d4 20. Ne2 Ba6 21. Nf4 Bxf1 22. Nxe6 Qc3 23. f3 Rf7 24.
Rxf1 Re8 25. Nd8 Rxd8 26. Bxd8 Qe3+ 27. Kh1 Qxe5 28. Re1 Qxg3 29. hxg3 Rf8 30. Bc7 Rc8 31. Bd6 Nb6 32. Re5 c4 33. Rxf5 d3 34. cxd3 cxd3 35. Bb4 Rc4 36. Rf8# 1-0

[Event "Late-Titled-Tuesday-Blitz-May-07-2024"]
[Site "Chess.com"]
[Date "2024.05.07"]
[Round "3"]
[White "TanitoluwaAps116"]
[Black "TigrVShlyape"]
[Result "0-1"]
[WhiteElo "2743"]
[BlackElo "2956"]
[TimeControl "180+1"]
[EndTime "14:28:27 PDT"]
[Termination "TigrVShlyape won on time"]

1. e4 e5 2. Nf3 Nc6 3. Bc4 Nf6 4. d3 h6 5. O-O d6 6. Nc3 g6 7. Re1 Bg7 8. Nd5 O-O 9. c3 Na5 10. Bb5 Nxd5 11. exd5 c6 12. dxc6 Nxc6 13. d4 exd4 14. Bxc6 bxc6 15. Nxd4 Qb6 16. Bf4 c5 17. Nb3 Rd8 18.
Qd2 g5 19. Bg3 Be6 20. Qc2 Rab8 21. Re2 a5 22. Nc1 Rbc8 23. Rd2 d5 24. Qa4 d4 25. c4 Qb4 26. Qxb4 axb4 27. b3 d3 28. Rb1 Bf5 29.
f3 Bc3 30. Be1 Re8 31. Kf2 Bxd2 32. Bxd2 Ra8 33. Rb2 f6 34. Be3 Ra5 35. Rd2 Rd8 36. h3 Kf7 37. g4 Bg6 38. f4 Be4 39. fxg5 fxg5 40. Kg3 Rd6 41. Rf2+ Rf6 42. Rxf6+ Kxf6 43. Kf2 Ke5 44. a4 bxa3 45. Na2 Kd6 46. Ke1 Ra8 47.
Kd2 Rb8 48. Kc3 Bf3 49. Bd2 Bd1 50. b4 cxb4+ 51. Nxb4 Bc2 52. Nxc2 dxc2 53. Kxc2 a2 54. Bc3 Rb1 0-1

[Event "Late-Titled-Tuesday-Blitz-May-07-2024"]
[Site "Chess.com"]
[Date "2024.05.07"]
[Round "3"]
[White "bancsoo"]
[Black "Mikhal867"]
[Result "1-0"]
[WhiteElo "2859"]
[BlackElo "2519"]
[TimeControl "180+1"]
[EndTime "14:28:28 PDT"]
[Termination "bancsoo won by checkmate"]

1. Nf3 c5 2. c4 Nf6 3. Nc3 d5 4.
cxd5 Nxd5 5. g3 Nc6 6. Bg2 Nc7 7. d3 e5 8. Nd2 Bd7 9. O-O Be7 10. Nc4 f6 11. f4 exf4 12. Bxf4 b6 13. Nd6+ Kf8 14. Nc4 Ne6 15. Bd2 Rc8 16. Nd5 h5 17. Bc3 h4 18.
a4 Ned4 19. e3 Nf5 20. g4 h3 21. Be4 Nh4 22. g5 f5 23. Qd2 Kg8 24. Bh1 Bxg5 25. Nf4 Be8 26. Bd5+ Kh7 27. Be6 Bd7 28. Bxd7 Qxd7 29.
Qf2 Kg8 30. Qg3 Qe7 31. Rae1 Rd8 32. e4 Nd4 33. exf5 Nhxf5 34. Qg4 Qf6 35. Ne6 Qh6 36.
Qxg5 Qxg5+ 37. Nxg5 Nh4 38. Bxd4 Rxd4 39. Re8# 1-0

[Event "Late-Titled-Tuesday-Blitz-May-07-2024"]
[Site "Chess.com"]
[Date "2024.05.07"]
[Round "3"]
[White "campochess"]
[Black "laskakid"]
[Result "1-0"]
[WhiteElo "2152"]
[BlackElo "2395"]
[TimeControl "180+1"]
[EndTime "14:28:28 PDT"]
[Termination "campochess won by checkmate"]

1. d4 f5 2. Bg5 g6 3. Nc3 Bg7 4.
e4 fxe4 5. Nxe4 d5 6. Nc3 Nh6 7. Qd2 Nf7 8. Be3 c5 9. Nf3 Nc6 10. Bb5 c4 11. Bxc6+ bxc6 12. h3 O-O 13. O-O Rb8 14. b3 cxb3 15. axb3 a5 16. Na4 e5 17. Nc5 e4 18. Ng5 Nxg5 19. Bxg5 Qb6 20. Be3 Ra8 21. Ra4 Ba6 22. Rfa1 Bb5 23. Rxa5 Rae8 24. Ra7 Qd8 25.
Rb7 Re7 26. Raa7 Rxb7 27. Rxb7 Qf6 28. Nd7 Qf7 29. Nc5 Qf5 30. Qa5 Rf7 31. Qd8+ Bf8 32.
Rxf7 Kxf7 33. Qc7+ Kg8 34. Nd7 Qf7 35. Qd8 Kg7 36.
Nxf8 c5 37. dxc5 h5 38. Bd4+ Kh6 39. Qc8 Be2 40. Ne6 h4 41. Qh8+ Qh7 42. Be3+ Kh5 43. Qe5+ g5 44. Qxg5# 1-0

[Event "Late-Titled-Tuesday-Blitz-May-07-2024"]
[Site "Chess.com"]
[Date "2024.05.07"]
[Round "3"]
[White "Supelyel"]
[Black "nabukatnezarr"]
[Result "1-0"]
[WhiteElo "2415"]
[BlackElo "2597"]
[TimeControl "180+1"]
[EndTime "14:28:29 PDT"]
[Termination "Supelyel won on time"]

1. c4 Nf6 2. g3 g6 3. Bg2 Bg7 4. Nc3 O-O 5. d3 c5 6. Nf3 Nc6 7. O-O b6 8. Bg5 Bb7 9. Rb1 h6 10. Bxf6 Bxf6 11. Qd2 Bg7 12. Rfc1 d6 13. a3 Qd7 14. b4 Rab8 15. b5 Na5 16. e4 e6 17. Na4 Kh7 18. h4 Rbe8 19. Rd1 Qc7 20. Qc2 d5 21. cxd5 exd5 22. Nd2 d4 23. Nb2 f5 24.
Nbc4 Nxc4 25. Qxc4 fxe4 26. Bxe4 Bc8 27. h5 Bf5 28.
hxg6+ Bxg6 29. Bxg6+ Kxg6 30. Ne4 Kh7 31. Kg2 Qe5 32.
f4 Qf5 33. Rh1 Qg4 34. Kf2 Rxf4+ 35. gxf4 Qxf4+ 36. Ke2 Qe3+ 37. Kd1 Rxe4 38. dxe4 d3 39. Rh2 Qf3+ 40. Kd2 Qf5 41. exf5 1-0

[Event "Late-Titled-Tuesday-Blitz-May-07-2024"]
[Site "Chess.com"]
[Date "2024.05.07"]
[Round "3"]
[White "jinxy2009"]
[Black "dolynachess"]
[Result "0-1"]
[WhiteElo "2270"]
[BlackElo "2528"]
[TimeControl "180+1"]
[EndTime "14:28:29 PDT"]
[Termination "dolynachess won by resignation"]

1. e4 c5 2. Nf3 d6 3. d4 cxd4 4. Nxd4 Nf6 5. Nc3 g6 6. Be3 Nc6 7. f3 h5 8. Qd2 Nxd4 9. Bxd4 Bh6 10. Qd1 O-O 11. Bc4 Qa5 12. O-O Be6 13. Bxe6 fxe6 14.
Ne2 Rac8 15. c3 e5 16. Bf2 a6 17. Qb3+ Kh8 18. Qxb7 Rb8 19. Qxe7 Rxb2 20. Ng3 Qxc3 21. Qxd6 Rxf2 22. Rxf2 Qxa1+ 23. Rf1 Qd4+ 24. Qxd4 exd4 25. Rd1 Be3+ 26. Kf1 h4 27. Ne2 Nxe4 28. Nxd4 Rd8 29. fxe4 Rxd4 30. Rb1 Ra4 31. Ke2 Bf4 32. Kf3 Bxh2 33.
Rb6 Kg7 34. e5 Bxe5 35. Re6 Bf6 36. Re2 Ra3+ 37. Kg4 Ra4+ 38. Kh3 g5 39. Rc2 Kg6 40. g3 g4+ 41. Kh2 h3 42. Re2 Ra3 43. Rc2 Be5 44. Rd2 Bxg3+ 45. Kh1 Be5 46. Rd5 Kf5 47. Rc5 g3 48. Rc2 Rd3 49. Rc1 g2+ 50. Kg1 Bd4+ 51. Kh2 g1=Q+ 52. Rxg1 Bxg1+ 53. Kxg1 Rd2 0-1

[Event "Late-Titled-Tuesday-Blitz-May-07-2024"]
[Site "Chess.com"]
[Date "2024.05.07"]
[Round "3"]
[White "vugarrasulov"]
[Black "ImportedItalianMaple"]
[Result "1-0"]
[WhiteElo "2979"]
[BlackElo "2528"]
[TimeControl "180+1"]
[EndTime "14:28:30 PDT"]
[Termination "vugarrasulov won by resignation"]

1. a3 g6 2. d4 Bg7 3. Nf3 Nf6 4. g3 O-O 5. Bg2 d5 6. O-O c5 7. dxc5 Nbd7 8. b4 Ne4 9. Qxd5 Bxa1 10. Qxe4 Bg7 11.
Qh4 e5 12. Bg5 f6 13. Bh6 Qe7 14. Nc3 Bxh6 15. Qxh6 Qg7 16. Qd2 Re8 17. e4 Nf8 18.
Nd5 Be6 19. c4 Rad8 20. Qe3 h6 21. b5 Kh7 22. Nd2 f5 23. Nb3 Nd7 24. c6 bxc6 25. bxc6 Nf6 26. Nc5 Rc8 27. exf5 Bxf5 28. Nxf6+ Qxf6 29. Nd7 Qd6 30. Qxa7 Rc7 31. Qe3 Bxd7 32.
cxd7 Rxd7 33. Bd5 Ree7 34. h4 Ra7 35. Ra1 e4 36. a4 h5 37. a5 Qb4 38. a6 Qb2 39. Ra3 Qb1+ 40. Kg2 Qb4 41. Rb3 Qa4 42.
Rb8 Qxa6 43. Qd4 Rg7 44. Bxe4 Qe6 45. Bd5 Qf5 46. Rb6 Rad7 47. Rf6 Qc2 48. Qf4 Qc3 49. Qg5 Qd4 50. Rf4 Qc5 51. Bg8+ 1-0

[Event "Late-Titled-Tuesday-Blitz-May-07-2024"]
[Site "Chess.com"]
[Date "2024.05.07"]
[Round "3"]
[White "HalfIsCrayfish"]
[Black "hsd2016"]
[Result "1-0"]
[WhiteElo "2589"]
[BlackElo "2347"]
[TimeControl "180+1"]
[EndTime "14:28:30 PDT"]
[Termination "HalfIsCrayfish won by checkmate"]

1. d4 d5 2. c4 c6 3. Nf3 Nf6 4. e3 Nbd7 5. b3 e6 6. Bb2 b6 7. Bd3 Bb7 8. O-O c5 9. Nbd2 Be7 10.
Qe2 O-O 11. e4 dxe4 12. Nxe4 Nxe4 13. Bxe4 Bxe4 14. Qxe4 Nf6 15. Qe2 cxd4 16. Bxd4 Qc7 17. Rad1 Rad8 18. Qe5 Qc6 19. Qg5 Qe4 20. Rfe1 Qc2 21.
Rd2 Qg6 22. Qxg6 hxg6 23. Red1 Bb4 24. Rd3 Be7 25. Ne5 Rc8 26. Bb2 Rfd8 27. Rxd8+ Rxd8 28. Rxd8+ Bxd8 29. Nc6 Bc7 30. Nxa7 Ne4 31. Nb5 Bd8 32.
f3 Nc5 33. Kf1 Nd3 34. Bc3 Nc1 35. Bd2 Nxa2 36. Ke2 Be7 37. Kd3 Nb4+ 38. Bxb4 Bxb4 39. Nc3 Bd6 40. h3 Kf8 41. Na4 Bc7 42. Kc3 Ke7 43.
Kb4 Kd6 44. Kb5 Ke5 45. Nxb6 Kf4 46. Kc6 Be5 47. Nd7 Bd4 48. b4 Kg3 49. b5 Kxg2 50. b6 Bf2 51. c5 Kxf3 52. Ne5+ Ke4 53. b7 Kxe5 54. b8=Q+ Kf5 55. Qb2 Bh4 56. Qc2+ Kf6 57.
Qc3+ e5 58. Kd5 g5 59. Qxe5+ Kg6 60. Qe4+ f5 61. Qe6+ Kh5 62. Qxf5 g6 63. Qf8 Bg3 64. Qh8# 1-0

[Event "Late-Titled-Tuesday-Blitz-May-07-2024"]
[Site "Chess.com"]
[Date "2024.05.07"]
[Round "3"]
[White "maximnovik"]
[Black "Statham_01"]
[Result "1-0"]
[WhiteElo "2467"]
[BlackElo "2639"]
[TimeControl "180+1"]
[EndTime "14:28:32 PDT"]
[Termination "maximnovik won by checkmate"]

1. e4 e5 2. Nf3 Nc6 3. Bc4 Bc5 4. d3 Nf6 5. O-O d6 6. c3 a5 7. h3 h6 8. Re1 Qe7 9. Nbd2 g5 10. d4 Ba7 11.
Bb5 Bd7 12. Nc4 g4 13. Nh4 gxh3 14. Nf5 Bxf5 15. exf5 Rg8 16. g3 O-O-O 17. Bxc6 bxc6 18. Nxa5 Qd7 19. Qd3 Qe8 20. Qa6+ Kd7 21. Qxa7 Ra8 22.
Qb7 Rxa5 23. b4 Rb5 24. Qa6 e4 25. a4 h2+ 26. Kg2 Rxf5 27. b5 h1=Q+ 28. Rxh1 Ke7 29. Qxc6 Qc8 30. Bf4 Nd5 31. Bd2 e3 32. Bxe3 Qe6 33.
Rae1 Qe4+ 34. Kg1 Qf3 35. Bg5+ Kf8 36. Bxh6+ Rg7 37. Qe8# 1-0